 Dungeon Crawl Stone Soup version 0.29-a0-294-g83ea962da3 (webtiles) character file.

Game seed: 17083962086907215131

191728 uvb77 the Gelid (level 17, -2/124 HPs)
             Began as a Grey Draconian Ice Elementalist on Mar 16, 2022.
             Was the Champion of Vehumet.
             Succumbed to a +6 war axe of venom's poison
             ... on level 2 of the Elven Halls on Mar 18, 2022.
             The game lasted 03:29:44 (42296 turns).

uvb77 the Gelid (Grey Draconian Ice Elementalist)  Turns: 42296, Time: 03:29:44

Health: -2/124     AC: 22    Str: 13    XL:     17   Next: 58%
Magic:  25/29      EV: 20    Int: 21    God:    Vehumet [******]
Gold:   2469       SH:  6    Dex: 12    Spells: 6/40 levels left

rFire   + . .      SeeInvis .   z - staff of cold
rCold   + + .      Faith    .   T - +2 buckler
rNeg    . . .      Spirit   .   (body armour unavailable)
rPois   .          Reflect  .   v - +2 hat {Stlth+}
rElec   .          Harm     .   S - +2 cloak
rCorr   .          Rampage  .   i - +0 pair of gloves of Vesi {rC+}
Will    +....                   h - +1 pair of boots
Stlth   ++++......              J - amulet of magic regeneration
HPRegen 0.30/turn               y - +4 ring of evasion
MPRegen 0.61/turn               U - ring of protection from fire

@: lethally poisoned (-2 -> -33), studying Crossbows, unable to drink
A: AC +14, amphibious, unfitting armour, cold-blooded, antennae 1, talons 1, low
MP 1, evolution 2
}: 1/15 runes: decaying
a: Renounce Religion


You were on level 2 of the Elven Halls.
You worshipped Vehumet.
Vehumet was exalted by your worship.
You visited 8 branches of the dungeon, and saw 30 of its levels.
You also visited: Sewer and Bailey.

You collected 2708 gold pieces.
You spent 239 gold pieces at shops.

Inventory:

Missiles
 g - 47 boomerangs
Armour
 h - a +1 pair of boots (worn)
 i - the +0 pair of gloves of Vesi (worn) {rC+}
   (You found it on level 1 of the Elven Halls)

   rC:        It protects you from cold.
 v - a +2 hat of stealth (worn)
 S - a +2 cloak (worn)
 T - a +2 buckler (worn)
Magical Staves
 z - a staff of cold (weapon)
 R - a staff of fire
 V - a staff of earth
 W - a staff of conjuration
Jewellery
 y - a +4 ring of evasion (left hand)
 J - an amulet of magic regeneration (around neck)
 U - a ring of protection from fire (right hand)
 Y - a ring of protection from fire
Wands
 d - a wand of mindburst (6)
 s - a wand of acid (16)
 w - a wand of iceblast (27)
 C - a wand of flame (61)
 N - a wand of polymorph (7)
Scrolls
 c - 25 scrolls of teleportation
 f - 2 scrolls of vulnerability
 j - a scroll of brand weapon
 k - 3 scrolls of fog
 r - 6 scrolls of magic mapping
 t - 2 scrolls of fear
 x - 2 scrolls of noise
 A - 2 scrolls of silence
 B - 2 scrolls of holy word
 E - a scroll of enchant weapon
 H - a scroll of immolation
 L - a scroll of amnesia
Potions
 a - 3 potions of magic
 b - 3 potions of cancellation
 e - 6 potions of curing {sew}
 l - 3 potions of haste {sew}
 m - 2 potions of ambrosia {sew}
 o - 5 potions of lignification {sew}
 p - 4 potions of resistance {sew}
 u - 2 potions of attraction
 F - 7 potions of brilliance
 I - 2 potions of invisibility {unknown}
 K - 5 potions of might
 O - 10 potions of flight
 Q - 2 potions of berserk rage
Miscellaneous
 n - a phial of floods
 q - a lightning rod (4/4)
 D - a phial of floods
 M - a phantom mirror


   Skills:
 - Level 4.8 Fighting
 - Level 1.6 Short Blades
 - Level 3.5 Staves
 + Level 11.0 Dodging
 - Level 5.9 Stealth
 - Level 3.1 Shields
 + Level 12.0 Spellcasting
 + Level 16.6 Conjurations
 - Level 2.6 Hexes
 - Level 3.0 Transmutations
 - Level 1.8 Fire Magic
 * Level 20.0 Ice Magic
 - Level 1.7 Evocations


You had 6 spell levels left.
You knew the following spells:

 Your Spells              Type           Power      Damage    Failure   Level
a - Freeze                Ice            100%       1d11      0%          1
b - Frozen Ramparts       Ice            100%       1d12      0%          3
c - Ozocubu's Armour      Ice            98%        N/A       0%          3
d - Hailstorm             Conj/Ice       94%        3d19      1%          4
e - Magic Dart            Conj           100%       1d8       0%          1
f - Ozocubu's Refrigerat  Ice            49%        4d14      1%          7
g - Orb of Destruction    Conj           35%        9d10      1%          7
h - Inner Flame           Hex/Fire       22%        N/A       2%          3
i - Irradiate             Conj/Tmut      26%        3d22      1%          5

Your spell library contained the following spells:

 Spells                   Type           Power      Damage    Failure   Level
 Conjure Ball Lightning   Conj/Air       23%        3x3d6     10%         6
 Searing Ray              Conj           100%       2d8       0%          2
 Sandblast                Erth           24%        2d8       1%          1
 Ensorcelled Hibernation  Hex/Ice        100%       N/A       1%          2
 Conjure Flame            Conj/Fire      51%        6-21      1%          3
 Dazzling Flash           Conj/Hex       100%       N/A       1%          3
 Stone Arrow              Conj/Erth      94%        3d12      1%          3
 Fulminant Prism          Conj/Hex       26%        3d14      1%          4
 Sticky Flame             Conj/Fire      51%        2d7       1%          4
 Fireball                 Conj/Fire      25%        3d11      1%          5
 Metabolic Englaciation   Hex/Ice        37%        N/A       1%          5
 Sting                    Tmut/Pois      76%        1d6       3%          1
 Poisonous Vapours        Pois/Air       24%        N/A       3%          2
 Ignite Poison            Fire/Tmut/Pois 19%        N/A       3%          3
 Passwall                 Tmut/Erth      15%        N/A       5%          2
 Pain                     Necr           48%        1d6       7%          1
 Starburst                Conj/Fire      25%        6d8       7%          6
 Blink                    Tloc           24%        N/A       11%         2
 Corpse Rot               Necr/Air       24%        N/A       11%         2
 Spider Form              Tmut/Pois      19%        N/A       11%         3
 Portal Projectile        Hex/Tloc       36%        N/A       12%         3
 Olgreb's Toxic Radiance  Pois           12%        N/A       17%         4
 Gell's Gravitas          Tloc           12%        N/A       21%         3
 Lesser Beckoning         Tloc           12%        N/A       21%         3
 Teleport Other           Tloc           12%        N/A       21%         3
 Anguish                  Hex/Necr       9%         N/A       36%         4
 Petrify                  Tmut/Erth      19%        N/A       36%         4
 Blade Hands              Tmut           12%        N/A       50%         5
 Dispel Undead            Necr           12%        3d9       56%         4
 Summon Lightning Spire   Summ/Air       12%        N/A       56%         4
 Agony                    Necr           12%        N/A       88%         5
 Excruciating Wounds      Necr           6%         N/A       88%         5
 Manifold Assault         Tloc           12%        N/A       88%         5
 Statue Form              Tmut/Erth      12%        N/A       99%         6
 Death Channel            Necr           6%         N/A       100%        6
 Storm Form               Tmut/Air       9%         N/A       100%        7
 Summon Hydra             Summ           6%         N/A       100%        7
 Ignition                 Fire           10%        3d5       100%        8
 Maxwell's Capacitive Co  Air            6%         ∞         100%        8


Dungeon Overview and Level Annotations

Branches:
Dungeon (13/15)            Temple (1/1) D:6            Lair (6/6) D:9
  Swamp (4/4) Lair:3       Spider (1/4) Lair:2        Slime (1/5) Lair:5
    Orc (2/2) D:12            Elf (2/3) Orc:2         Sewer (visited)
 Bailey (visited)
 Vaults: D:13-14

Altars:
Ashenzari
Cheibriados
Dithmenos
Elyvilon
Fedhas
Gozag
Hepliaklqana
Kikubaaqudgha
Makhleb
Nemelex Xobeh
Okawaru
Qazlal
Ru
Sif Muna
Trog
Uskayaw
Vehumet
Wu Jian
Xom
Yredelemnul
Zin
The Shining One
Jiyva

Shops:
D:4 *   D:8 ::=   Orc:2 ([*:*


Innate Abilities, Weirdness & Mutations

Your dull iron-grey scales are very hard. (AC +14)
You are amphibious.
You cannot fit into any form of body armour.
You are cold-blooded and may be slowed by cold attacks.
You have a pair of small antennae on your head.
You have sharp toenails.
Your magical capacity is low. (-10% MP)
You have great hidden genetic potential.


Message History

The +3 vorpal war axe is moderately damaged.
The +2 glaive of protection resists.
The +2 glaive of protection is moderately damaged.
The +1 vampiric halberd resists.
The +1 vampiric halberd is moderately damaged.
The +2 war axe of freezing resists.
The +2 war axe of freezing is lightly damaged.
You feel extremely sick. The +6 war axe of venom hits you.
You are more poisoned.
The +1 vampiric halberd hits you but does no damage.
The +2 glaive of protection barely misses you.
Unknown command.
The +6 war axe of venom attacks as you move away!
The +6 war axe of venom hits you.
You are more poisoned.
You feel extremely sick.
You block the +1 vampiric halberd's attack.
The +6 war axe of venom hits you.
You are lethally poisoned!
Okay, then.
As you read the scroll of teleportation, it crumbles to dust.
You feel strangely unstable.
* * * LOW HITPOINT WARNING * * *
You feel extremely sick.
The +6 war axe of venom barely misses you.
The +1 vampiric halberd completely misses you.
Unknown command.
* * * LOW HITPOINT WARNING * * *
You feel extremely sick.
The +6 war axe of venom attacks as you move away!
The +6 war axe of venom hits you!
* * * LOW HITPOINT WARNING * * *
You are more poisoned.
Your surroundings suddenly seem different.
A +1 glaive of protection, a +2 vampiric triple sword and a deep elf knight come into view.
* * * LOW HITPOINT WARNING * * *
You feel extremely sick.
You cannot drink potions in your current state!
You die...

#..#.................#.#
#..#.................#.#
#..####)###########'##.#
.......................#
.........).............#
######################.#
#########.# #......##.#
#.@..(##.#
#.....#....##.# .....
.#...##.# .... .(
#..##.# ... ... #.##.#
.. .e.. ###.# . .....
#.# ...... #.# #.#


You could see a deep elf knight (asleep) and 2 dancing weapons.

Vanquished Creatures
  A tentacled monstrosity (Swamp:4)
  Jorgrun (Orc:2)
  An acid blob (Lair:5)
  2 thorn hunters
  Gastronok (Lair:1)
  The ghost of mora the Unseen, an adept OpBr of Gozag (Swamp:2)
  Kirke (Lair:6)
  A fire giant (D:11)
  3 orc warlords
  2 quicksilver oozes (Slime:1)
  5 bunyips
  A deep elf demonologist (Elf:1)
  2 eleionomae
  A deep elf death mage (Elf:1)
  2 shambling mangroves
  2 boulder beetles
  An ogre mage (Orc:1)
  An ice dragon (Swamp:4)
  2 ghost crabs
  A catoblepas (D:11)
  20 hydras
  6 centaur warriors
  2 death knights
  8 dancing weapons
  Erica (Lair:1)
  5 alligators
  A tengu warrior (D:13)
  7 two-headed ogres
  5 orc high priests
  A death yak (Lair:5)
  2 spriggan berserkers (Swamp:2)
  Nergalle (Lair:1)
  7 deep elf knights
  A fire crab (Lair:5)
  2 skeletal warriors (D:13)
  3 goliath frogs
  A swamp dragon (shapeshifter) (Elf:2)
  4 spriggan druids
  4 bog bodies
  Pikel (D:5)
  5 deep elf archers
  7 swamp dragons
  A lindwurm (Lair:6)
  3 orc knights (Orc:2)
  18 deep elf zephyrmancers
  6 ugly things
  2 shining eyes (Slime:1)
  26 deep elf pyromancers
  4 manticores
  9 orc sorcerers
  4 cyclopes
  A wolf spider (Lair:6)
  3 will-o-the-wisps (Swamp:4)
  2 moths of wrath (Swamp:2)
  A black mamba (shapeshifter) (Elf:2)
  9 elephants
  15 black mambas
  Joseph (D:7)
  A guardian serpent (Lair:6)
  3 gargoyles
  Maggie (D:7)
  13 cane toads
  A kobold demonologist (D:11)
  9 komodo dragons
  An unseen horror (D:5)
  An efreet (D:11)
  A yaktaur (shapeshifter) (Elf:2)
  2 rime drakes
  6 trolls
  2 bloated husks
  20 hornets
  5 polar bears
  16 slime creatures
  11 tyrant leeches
  16 blink frogs
  9 dream sheep
  A wraith (D:11)
  2 culicivoras (Lair:2)
  24 spriggans
  A vampire (D:13)
  3 water elementals (Elf:2)
  15 wyverns
  3 air elementals
  4 basilisks
  46 yaks
  2 fire elementals
  2 hogs (Lair:6)
  5 golden eyes (Slime:1)
  2 redbacks (Lair:6)
  10 vampire mosquitoes
  Edmund (D:5)
  17 swamp worms
  The ghost of Zigma the Insei, an amateur OpTm of Vehumet (D:4)
  2 wargs
  32 water moccasins
  8 swamp drakes
  2 ice beasts (D:6)
  38 orc warriors
  5 black bears
  3 boggarts (Lair:3)
  3 ogres
  7 centaurs
  9 wolves
  A phantom (D:6)
  2 lemures (D:5)
  5 kobold brigands
  Blork the orc (D:5)
  8 bullfrogs
  A necrophage (D:4)
  3 earth elementals
  A scorpion (D:6)
  16 wights
  2 troll zombies (Swamp:4)
  3 killer bees (D:9)
  3 troll skeletons (Swamp:4)
  An electric eel (Lair:2)
  5 howler monkeys
  4 hounds
  4 jellies
  25 orc priests
  Jessica (D:3)
  A gnoll shaman (D:6)
  Ijyb (D:5)
  An iguana (D:5)
  21 orc wizards
  4 hell rats (Lair:4)
  Natasha (D:4)
  Robin (D:4)
  6 gnolls
  7 adders
  2 river rats (Sewer)
  2 worms
  3 dart slugs
  93 orcs
  3 bats
  An endoplasm (Sewer)
  4 giant cockroaches
  21 goblins
  12 hobgoblins
  2 quokkas
  10 ball pythons
  3 frilled lizards
  29 kobolds
  5 rats
916 creatures vanquished.

Vanquished Creatures (collateral kills)
  A shadow (D:11)
1 creature vanquished.

Vanquished Creatures (others)
  An alligator (Swamp:4)
  2 briar patches (Swamp:4)
  A bush (D:4)
  12 foxfires (Swamp:4)
  64 fungi
  96 plants
176 creatures vanquished.

Grand Total: 1093 creatures vanquished

Notes
Turn   | Place    | Note
-------+----------+-------------------------------------------
     0 | D:1      | uvb77 the Draconian Ice Elementalist began the quest for
                  | the Orb.
     0 | D:1      | Reached XP level 1. HP: 14/14 MP: 3/3
   232 | D:1      | Found a faded altar of an unknown god.
   340 | D:1      | Reached XP level 2. HP: 20/20 MP: 3/5
  1224 | D:2      | Reached XP level 3. HP: 26/26 MP: 4/6
  1228 | D:2      | Learned a level 3 spell: Frozen Ramparts
  2002 | D:3      | Reached skill level 5 in Ice Magic
  2077 | D:3      | Found a glowing drain.
  2085 | D:3      | Reached XP level 4. HP: 32/33 MP: 3/8
  2094 | D:3      | Learned a level 3 spell: Ozocubu's Armour
  2100 | Sewer    | Entered a sewer
  2256 | Sewer    | Noticed a kobold brigand
  2267 | Sewer    | Killed a kobold brigand
  2268 | Sewer    | Reached XP level 5. HP: 30/38 MP: 3/9
  2446 | Sewer    | Reached skill level 6 in Ice Magic
  2578 | Sewer    | Learned a level 4 spell: Hailstorm
  2799 | Sewer    | Reached XP level 6. HP: 26/45 MP: 5/12
  3111 | D:3      | Noticed Jessica
  3120 | D:3      | Killed Jessica
  3188 | D:3      | You fall into a shaft and drop 1 floor!
  3208 | D:4      | Reached skill level 1 in Short Blades
  3470 | D:4      | Found Locent's Assorted Antiques.
  3475 | D:4      | Bought a scroll labelled NATAHO IRGHEN for 23 gold pieces
  3475 | D:4      | Bought a scroll labelled XUSKINA SODUOPT for 23 gold pieces
  3475 | D:4      | Bought a scroll labelled ROXYDO YPA IKH for 23 gold pieces
  3475 | D:4      | Bought a scroll labelled WIYTRINLA MORUCK for 23 gold
                  | pieces
  3475 | D:4      | Bought a scroll labelled XUSKINA SODUOPT for 23 gold pieces
  3475 | D:4      | Bought a murky red potion for 20 gold pieces
  3554 | D:4      | Noticed Natasha
  3559 | D:4      | Killed Natasha
  3704 | D:4      | Found a runed translucent gate.
  3704 | D:4      | Found a runed translucent gate.
  3704 | D:4      | Found a runed translucent gate.
  3707 | D:4      | Noticed Zigma's ghost (amateur OpTm)
  4128 | D:4      | Noticed Robin
  4140 | D:4      | Killed Robin
  4411 | D:4      | Found a blossoming altar of Fedhas.
  4637 | D:4      | Killed Zigma's ghost
  4638 | D:4      | Your scales start taking on a dull iron-grey colour.
  4638 | D:4      | Reached XP level 7. HP: 51/51 MP: 3/14
  4735 | D:5      | Entered Level 5 of the Dungeon
  4757 | D:5      | Reached skill level 5 in Spellcasting
  4807 | D:5      | Noticed Edmund
  4816 | D:5      | Killed Edmund
  4817 | D:5      | Reached skill level 7 in Ice Magic
  5041 | D:5      | Noticed Blork the orc
  5056 | D:5      | Killed Blork the orc
  5162 | D:5      | Noticed Pikel
  5169 | D:5      | Killed Pikel
  5170 | D:5      | Reached skill level 8 in Ice Magic
  5170 | D:5      | Reached XP level 8. HP: 56/58 MP: 3/17
  5290 | D:5      | Noticed Ijyb
  5296 | D:5      | Killed Ijyb
  5427 | D:5      | Killed an unseen horror
  5582 | D:5      | Found a snail-covered altar of Cheibriados.
  5807 | D:6      | Found a staircase to the Ecumenical Temple.
  6408 | D:6      | Reached XP level 9. HP: 63/63 MP: 13/20
  6559 | D:6      | Found a broken altar of Ashenzari.
  6606 | Temple   | Entered the Ecumenical Temple
  6787 | Temple   | Became a worshipper of Vehumet
  6863 | D:6      | Reached skill level 9 in Ice Magic
  7053 | D:6      | Found a basalt altar of Yredelemnul.
  7440 | D:7      | Noticed Joseph
  7455 | D:7      | Killed Joseph
  8388 | D:7      | Noticed Maggie
  8399 | D:7      | Killed Maggie
  8595 | D:7      | Reached skill level 1 in Conjurations
  8595 | D:7      | Reached skill level 10 in Ice Magic
  9340 | D:8      | Found a large runed translucent door.
  9340 | D:8      | Found a large runed translucent door.
  9585 | D:8      | Found Beuseph's Jewellery Shoppe.
  9743 | D:8      | Found Reliupiste's Book Shop.
  9756 | D:8      | Found Gaug's Book Shoppe.
  9919 | D:8      | Reached XP level 10. HP: 30/63 MP: 3/23
 10304 | D:8      | Paralysed by a hornet for 3 turns
 10309 | D:8      | Reached skill level 1 in Fighting
 10882 | D:8      | Found a burning altar of Makhleb.
 10885 | D:8      | Found a shimmering blue altar of Sif Muna.
 10965 | D:9      | Found a flagged portal.
 10967 | D:9      | Reached * piety under Vehumet
 10967 | D:9      | Offered knowledge of Magic Dart by Vehumet.
 10979 | Bailey   | Entered a bailey
 10984 | Bailey   | Noticed an orc warlord
 11028 | Bailey   | Found a runed translucent gate.
 11028 | Bailey   | Found a runed translucent gate.
 11028 | Bailey   | Found a runed translucent gate.
 11303 | Bailey   | Killed an orc warlord
 11304 | Bailey   | Reached skill level 10 in Spellcasting
 11304 | Bailey   | Reached skill level 11 in Ice Magic
 11306 | Bailey   | Learned a level 1 spell: Magic Dart
 12341 | D:9      | Reached skill level 1 in Staves
 12344 | D:9      | Reached skill level 12 in Ice Magic
 12501 | D:9      | Found a staircase to the Lair.
 12511 | D:9      | Reached ** piety under Vehumet
 12511 | D:9      | Offered knowledge of Scorch by Vehumet.
 12753 | D:9      | Reached XP level 11. HP: 73/78 MP: 19/25
 13132 | D:9      | Learned a level 7 spell: Ozocubu's Refrigeration
 13142 | D:10     | Entered Level 10 of the Dungeon
 13205 | D:10     | Noticed a two-headed ogre
 13214 | D:10     | Killed a two-headed ogre
 13324 | D:10     | Reached skill level 13 in Ice Magic
 13334 | D:10     | Offered knowledge of Dazzling Flash by Vehumet.
 14440 | D:11     | Reached *** piety under Vehumet
 14441 | D:11     | Reached skill level 14 in Ice Magic
 14708 | D:11     | Learned a level 3 spell: Dazzling Flash
 15614 | D:11     | Acquired a staff of cold
 15623 | D:11     | Gained mutation: You are robust. (+10% HP) [potion of
                  | mutation]
 15747 | D:11     | Noticed a death knight
 15754 | D:11     | Killed a death knight
 15835 | D:11     | Reached skill level 15 in Ice Magic
 15874 | D:11     | Noticed a fire giant
 15877 | D:11     | Noticed a catoblepas
 15881 | D:11     | Killed a catoblepas
 15881 | D:11     | Offered knowledge of Inner Flame by Vehumet.
 15882 | D:11     | Reached XP level 12. HP: 76/93 MP: 8/26
 15886 | D:11     | Learned a level 3 spell: Inner Flame
 16131 | D:11     | Noticed a centaur warrior
 16139 | D:11     | Killed a centaur warrior
 16365 | D:11     | Killed a fire giant
 16663 | D:12     | Noticed a two-headed ogre
 16665 | D:12     | Killed a two-headed ogre
 16666 | D:12     | Reached skill level 16 in Ice Magic
 16880 | D:12     | Found a staircase to the Orcish Mines.
 17011 | D:12     | Noticed a centaur warrior
 17013 | D:12     | Killed a centaur warrior
 17491 | D:12     | Reached **** piety under Vehumet
 17789 | D:13     | Reached skill level 17 in Ice Magic
 17823 | D:13     | Offered knowledge of Irradiate by Vehumet.
 17851 | D:13     | Noticed a centaur warrior
 17855 | D:13     | Killed a centaur warrior
 17980 | D:13     | Noticed a tengu warrior
 17983 | D:13     | Killed a tengu warrior
 18089 | D:13     | Noticed a centaur warrior
 18092 | D:13     | Killed a centaur warrior
 18168 | D:13     | Noticed a boulder beetle
 18178 | D:13     | Reached XP level 13. HP: 85/100 MP: 10/27
 18181 | D:13     | Reached skill level 5 in Conjurations
 18280 | D:13     | Reached skill level 5 in Dodging
 18614 | D:13     | Identified the +7 long sword of Mandamus {holy, rPois Str-5
                  | Int+4}
 18721 | D:13     | Noticed a storm dragon
 19032 | Lair:1   | Entered Level 1 of the Lair of Beasts
 19064 | Lair:1   | Noticed Erica
 19067 | Lair:1   | Killed Erica
 19383 | Lair:1   | Learned a level 5 spell: Irradiate
 19504 | Lair:1   | Noticed Gastronok
 19528 | Lair:1   | Killed Gastronok
 19529 | Lair:1   | Reached skill level 1 in Evocations
 19658 | Lair:1   | Reached ***** piety under Vehumet
 19658 | Lair:1   | Offered knowledge of Flame Wave by Vehumet.
 19785 | Lair:1   | Noticed Nergalle
 19795 | Lair:1   | Killed Nergalle
 20312 | Lair:2   | Reached skill level 1 in Hexes
 20331 | Lair:2   | Upgraded the game from 0.29-a0-286-g41199d4a87 to
                  | 0.29-a0-289-g2178c42546
 20617 | Lair:2   | Found a hole to the Spider Nest.
 20636 | Spider:1 | Entered Level 1 of the Spider Nest
 21805 | Lair:3   | Reached XP level 14. HP: 112/112 MP: 21/28
 21818 | Lair:3   | Found a staircase to the Swamp.
 22016 | Lair:3   | Reached skill level 5 in Stealth
 22301 | Lair:3   | Reached skill level 1 in Transmutations
 22731 | Lair:4   | Reached skill level 10 in Conjurations
 24059 | Lair:4   | Upgraded the game from 0.29-a0-289-g2178c42546 to
                  | 0.29-a0-294-g83ea962da3
 24803 | Lair:5   | Reached skill level 1 in Shields
 25395 | Lair:5   | Found a runed translucent door.
 25396 | Lair:5   | Found a viscous altar of Jiyva.
 25428 | Lair:5   | Found a staircase to the Slime Pits.
 25428 | Lair:5   | Noticed an acid blob
 25614 | Lair:5   | Killed an acid blob
 25771 | Slime:1  | Entered Level 1 of the Pits of Slime
 25771 | Slime:1  | Noticed a quicksilver ooze
 25774 | Slime:1  | Killed a quicksilver ooze
 25774 | Slime:1  | Offered knowledge of Eringya's Noxious Bog by Vehumet.
 25788 | Slime:1  | Noticed a quicksilver ooze
 25791 | Slime:1  | Killed a quicksilver ooze
 26317 | Lair:6   | Entered Level 6 of the Lair of Beasts
 26727 | Lair:6   | Reached XP level 15. HP: 121/121 MP: 26/29
 26890 | Lair:6   | Noticed Kirke
 27272 | Lair:6   | Killed Kirke
 27526 | Lair:6   | Reached ****** piety under Vehumet
 28397 | Orc:1    | Entered Level 1 of the Orcish Mines
 28397 | Orc:1    | Noticed an orc warlord
 28406 | Orc:1    | Killed an orc warlord
 28664 | Orc:1    | Offered knowledge of Lee's Rapid Deconstruction by Vehumet.
 28804 | Orc:1    | Found a burning altar of Makhleb.
 28986 | Orc:1    | Found a burning altar of Makhleb.
 29022 | Orc:2    | Entered Level 2 of the Orcish Mines
 29133 | Orc:2    | Found Kuiciot's General Store.
 29153 | Orc:2    | Noticed Jorgrun
 29162 | Orc:2    | Killed Jorgrun
 29327 | Orc:2    | Found a staircase to the Elven Halls.
 29330 | Orc:2    | Reached skill level 1 in Fire Magic
 29682 | Orc:2    | Offered knowledge of Yara's Violent Unravelling by Vehumet.
 29683 | Orc:2    | Noticed an orc warlord
 29698 | Orc:2    | Killed an orc warlord
 29867 | Orc:2    | Reached skill level 15 in Conjurations
 30294 | Orc:2    | Found Vijuli's Antique Armour Boutique.
 30295 | Orc:2    | Found Xoumeuss's Antique Weapon Boutique.
 30297 | Orc:2    | Found Hatiess's General Store.
 30297 | Orc:2    | Found Karoesi's Book Shop.
 30534 | Orc:2    | Paralysed by an orc sorcerer for 6 turns
 31094 | Swamp:1  | Entered Level 1 of the Swamp
 31353 | Swamp:1  | Identified the +0 hand crossbow of the Postmodern Realms
                  | {freeze, Fly rPois rC++ Str-2}
 31977 | Swamp:2  | Reached XP level 16. HP: 83/129 MP: 25/30
 31978 | Swamp:2  | Offered knowledge of Spellforged Servitor by Vehumet.
 31988 | Swamp:2  | Reached skill level 18 in Ice Magic
 31988 | Swamp:2  | Gained mutation: You are somewhat resistant to further
                  | mutation. [mutagenic glow]
 32028 | Swamp:2  | Lost mutation: You are somewhat resistant to further
                  | mutation. [potion of mutation]
 32028 | Swamp:2  | Lost mutation: You are robust. (+10% HP) [potion of
                  | mutation]
 32028 | Swamp:2  | Gained mutation: You are partially covered in large bone
                  | plates. (SH +4) [potion of mutation]
 32028 | Swamp:2  | Gained mutation: You are strong-willed. (Will+) [potion of
                  | mutation]
 32029 | Swamp:2  | Lost mutation: You are strong-willed. (Will+) [potion of
                  | mutation]
 32029 | Swamp:2  | Lost mutation: You are partially covered in large bone
                  | plates. (SH +4) [potion of mutation]
 32029 | Swamp:2  | Gained mutation: You are clumsy. (Dex -2) [potion of
                  | mutation]
 32029 | Swamp:2  | Gained mutation: Your magical capacity is low. (-10% MP)
                  | [potion of mutation]
 32029 | Swamp:2  | Gained mutation: Your tail ends in a venomous barb. [potion
                  | of mutation]
 32030 | Swamp:2  | Lost mutation: Your magical capacity is low. (-10% MP)
                  | [potion of mutation]
 32030 | Swamp:2  | Lost mutation: You are clumsy. (Dex -2) [potion of
                  | mutation]
 32030 | Swamp:2  | Gained mutation: You do not regenerate when monsters are
                  | visible. [potion of mutation]
 32030 | Swamp:2  | Gained mutation: You have sharp toenails. [potion of
                  | mutation]
 32194 | Swamp:2  | Lost mutation: You do not regenerate when monsters are
                  | visible. [potion of mutation]
 32194 | Swamp:2  | Lost mutation: Your tail ends in a venomous barb. [potion
                  | of mutation]
 32194 | Swamp:2  | Gained mutation: You have a pair of small antennae on your
                  | head. [potion of mutation]
 32194 | Swamp:2  | Gained mutation: You have hidden genetic potential. [potion
                  | of mutation]
 32418 | Swamp:2  | Identified the +0 dagger "Bozomae" {spect, *Noise rElec
                  | rPois Int+6}
 32695 | Swamp:2  | Noticed mora's ghost (adept OpBr)
 32696 | Swamp:2  | Identified the +5 scale mail of the Slug {Str+6}
 32712 | Swamp:2  | Found a transporter.
 32722 | Swamp:2  | Found a bloodstained altar of Trog.
 32730 | Swamp:2  | Found a transporter.
 32911 | Swamp:2  | Killed mora's ghost
 33488 | Orc:2    | Bought a scroll of enchant weapon for 82 gold pieces
 33488 | Orc:2    | Bought a scroll of identify for 22 gold pieces
 34241 | Swamp:3  | Noticed a thorn hunter
 34250 | Swamp:3  | Killed a thorn hunter
 34257 | Swamp:3  | Gained mutation: Your magical capacity is low. (-10% MP)
                  | [mutagenic glow]
 34931 | Swamp:4  | Entered Level 4 of the Swamp
 36111 | Swamp:4  | Noticed a thorn hunter
 36486 | Swamp:4  | Killed a thorn hunter
 36487 | Swamp:4  | Reached skill level 10 in Dodging
 37198 | Swamp:4  | Offered knowledge of Orb of Destruction by Vehumet.
 37317 | Swamp:4  | Noticed a tentacled monstrosity
 37325 | Swamp:4  | Reached skill level 19 in Ice Magic
 37900 | Swamp:4  | Learned a level 7 spell: Orb of Destruction
 38077 | Swamp:4  | Killed a tentacled monstrosity
 38288 | Swamp:4  | Got a decaying rune of Zot
 38638 | Elf:1    | Entered Level 1 of the Elven Halls
 38912 | Elf:1    | Reached XP level 17. HP: 124/124 MP: 25/29
 39058 | Elf:1    | Identified the +0 pair of gloves of Vesi {rC+}
 39230 | Elf:1    | Gained mutation: You have great hidden genetic potential.
                  | [hidden potential]
 39408 | Elf:1    | Paralysed by an air elemental for 1 turns
 39691 | Elf:1    | Identified the +5 flail "Nos Okhini" {elec, Will+}
 39866 | Elf:1    | Paralysed by an air elemental for 1 turns
 40039 | Elf:1    | Identified the +1 helmet of Calculation {rC+ Slay+3}
 40045 | Elf:1    | Got the Catalogue of Supportive Battle Magic
 41186 | Elf:2    | Offered knowledge of Conjure Ball Lightning by Vehumet.
 41833 | Elf:2    | Reached skill level 20 in Ice Magic
 42102 | Elf:2    | Found a runed translucent gate.
 42102 | Elf:2    | Found a runed translucent gate.
 42102 | Elf:2    | Found a runed translucent gate.
 42295 | Elf:2    | HP: 4/124 [poisoned by a +6 war axe of venom]
 42296 | Elf:2    | Succumbed to a +6 war axe of venom's poison

Illustrated notes

Levels and vault maps discovered:
D:1:      scummos_arrival_simple_fountains, layout_loops_corners,
          shapermc_ecumenical_altar_venn
D:2:      layout_rooms, kennysheep_nondescript
D:3:      layout_rooms, portal_sewer_entry_a, minmay_misc_feat_square,
          grunt_decor_one_mirror, kennysheep_donut, uniq_jessica
D:4:      layout_cave_pods, fedhas_altar_decomposition, serial_shops, shop,
          ebering_ghost_rock_garden, uniq_natasha, uniq_robin
D:5:      layout_rooms, old_standard_altar, minivault_14, uniq_edmund,
          uniq_blork_the_orc, uniq_pikel, uniq_ijyb
D:6:      layout_basic, mainiacjoe_overflow_brackets,
          nicolae_overflow_hidden_temple, minmay_temple_entry_trees
D:7:      layout_loops_ring, uniq_maggie, uniq_joseph
D:8:      layout_basic, jmf_multi_god_temple2, serial_shops,
          nicolae_square_shop, shop_fountains, nicolae_take_the_stairs
D:9:      layout_irregular_city, minmay_lair_entry_grove, enter_bailey_4
D:10:     layout_roguey
D:11:     minmay_evil_eye, layout_irregular_city, serial_rivers,
          chequers_serial_rivers_room_b, chequers_serial_rivers_small_3,
          chequers_serial_rivers_marsh, chequers_serial_rivers_micro_e,
          chequers_serial_rivers_small_3, chequers_serial_rivers_micro_d,
          minmay_evil_grid
D:12:     layout_roguey, hiddenorc1_lemuel
D:13:     minmay_the_grid_triangle_9x9_line_8_mashed
          [minmay_the_grid_triangle_9x9_pentomino_pain,
          minmay_the_grid_triangle_9x9_steps,
          minmay_the_grid_triangle_9x9_negative_grid,
          minmay_the_grid_triangle_9x9_intruding_spiral,
          minmay_the_grid_triangle_9x9_subtriangle,
          minmay_the_grid_triangle_9x9_longest,
          minmay_the_grid_triangle_9x9_sprig,
          minmay_the_grid_triangle_9x9_prize_center], layout_loops_ring
Temple:   eino_temple_scatter_basement
Lair:1:   layout_roguey, uniq_gastronok, uniq_erica, uniq_nergalle
Lair:2:   layout_hall_layers, hellmonk_spider_entry_life_and_decay,
          fungi_pond_lemuel, forest_entry_grove
Lair:3:   kb_forest_paths, layout_gridlike, minmay_swamp_entry_worms,
          beast_lair_carwin_2
Lair:4:   layout_layer_cave, grunt_megastairs_1
Lair:5:   nzn_winding_woodlands_cross [nzn_winding_woodlands_5x15_sidewinder,
          nzn_winding_woodlands_5x15_concentric,
          nzn_winding_woodlands_5x15_jagged, nzn_winding_woodlands_5x15_default,
          nzn_winding_woodlands_15x15_boxy_spiral], layout_hall_layers,
          slime_altar_2
Lair:6:   hangedman_lair_tendril_chambers, layout_misc_corridors, uniq_kirke
Swamp:1:  layout_falls_marsh, hangedman_swamp_ruin_hall
Swamp:2:  layout_basic_swamp, gammafunk_ghost_wrathful_warriors,
          nicolae_swamp_big_swirl, infiniplex_staircase_pool
Swamp:3:  layout_basic_swamp, hangedman_swamp_ruin_wall, swamp_pool1
Swamp:4:  swamp, layout_basic_swamp, swamp_pool4, cheibrodos_swamp_minitomb
Spider:1: layout_spider_delve
Slime:1:  layout_caves, basic_altar, cheibrodos_slime_lost_civilization_4
Orc:1:    layout_caves, basic_altar, lemuel_statue_altar
Orc:2:    st_orc_congregation, layout_diamond_mine, serial_shops, shop,
          uniq_jorgrun
Elf:1:    nicolae_elf_arrival_no_cutting_in_line, layout_onion_city,
          minmay_elf_sorcery
Elf:2:    nicolae_elf_blades_splatter_lattice
          [nicolae_blade_entry_sentries_behind_glass], layout_onion_city,
          uniq_saint_roka

Skill      XL: |  1  2  3  4  5  6  7  8  9 10 11 12 13 14 15 16 17 |
---------------+----------------------------------------------------+-----
Ice Magic      | 5 6 8 10 12 15 17 19 20 | 20.0
Spellcasting   | 3 4 6 7 9 10 11 12 | 12.0
Short Blades   | 1 |  1.6
Dodging        | 2 3 4 7 8 9 10 11 | 11.0
Stealth        | 2 3 4 5 |  5.9
Conjurations   | 2 4 9 12 15 16 | 16.6
Fighting       | 1 2 3 4 |  4.8
Staves         | 1 2 3 |  3.5
Evocations     | 1 |  1.7
Hexes          | 1 2 |  2.6
Transmutations | 2 3 |  3.0
Shields        | 2 3 |  3.1
Fire Magic     | 1 |  1.8

Action                   |  1- 3 |  4- 6 |  7- 9 | 10-12 | 13-15 | 16-18 || total
-------------------------+-------+-------+-------+-------+-------+-------++-------
Melee: Dagger            |    20 |    17 |   110 |       |       |       ||   147
       Tailslap          |     3 |     3 |    20 |    10 |     7 |    28 ||    71
       Punch             |       |     1 |       |       |       |       ||     1
       Short sword       |       |    15 |     1 |       |       |       ||    16
       Quarterstaff      |       |       |     9 |    52 |       |       ||    61
       Staff             |       |       |       |       |    41 |    92 ||   133
Throw: Boomerang         |       |       |       |     1 |     2 |       ||     3
 Cast: Freeze            |    51 |    56 |   117 |   169 |   240 |   105 ||   738
       Frozen Ramparts   |     4 |     6 |    26 |    53 |    33 |     7 ||   129
       Ozocubu's Armour  |       |     4 |    19 |    20 |    11 |     5 ||    59
       Hailstorm         |       |     1 |    14 |    60 |   237 |   119 ||   431
       Magic Dart        |       |       |       |    48 |   197 |    76 ||   321
       Ozocubu's Refrige |       |       |       |    50 |   108 |    25 ||   183
       Dazzling Flash    |       |       |       |     1 |     9 |     1 ||    11
       Irradiate         |       |       |       |       |    54 |    80 ||   134
       Inner Flame       |       |       |       |       |    46 |    15 ||    61
       Orb of Destructio |       |       |       |       |       |    50 ||    50
Evoke: Wand              |       |       |       |     8 |     3 |     1 ||    12
       Phantom mirror    |       |       |       |     1 |     1 |     1 ||     3
  Use: Scroll            |       |     6 |       |    11 |     7 |     9 ||    33
       Potion            |       |       |       |     2 |     1 |     5 ||     8
 Stab: Sleeping          |     1 |       |       |       |       |     2 ||     3
Armor: Skin              |    20 |    22 |   100 |   112 |   133 |   138 ||   525
Dodge: Dodged            |    40 |    45 |   138 |   182 |   342 |   305 ||  1052
Block: Buckler           |       |       |       |       |    61 |    83 ||   144

Table legend: (Time is in decaauts)
 A = Elapsed time spent in this place.
 B = Non-inter-level travel time spent in this place.
 C = Inter-level travel time spent in this place.
 D = Time resting spent in this place.
 E = Time spent auto-exploring this place.
 F = Levels seen in this place.
 G = Mean time per level.
                   A        B        C        D        E       F      G
               +--------+--------+--------+--------+--------+-----+--------+
         Total |  42457 |  38773 |   3684 |  12436 |  20368 |  32 | 1326.8 |
       Dungeon |  18020 |  16430 |   1590 |   5262 |   8833 |  13 | 1386.2 |
        Temple |    190 |    163 |     27 |      0 |    149 |   1 |  190.0 |
          Lair |   9190 |   7846 |   1344 |   1336 |   5310 |   6 | 1531.7 |
         Swamp |   6577 |   6295 |    282 |   3251 |   2105 |   4 | 1644.2 |
   Spider Nest |     20 |     14 |      6 |      0 |      9 |   1 |   20.0 |
    Slime Pits |    535 |    535 |      0 |    521 |      0 |   1 |  535.0 |
  Orcish Mines |   2765 |   2364 |    401 |    699 |   1064 |   2 | 1382.5 |
   Elven Halls |   3659 |   3628 |     31 |    983 |   2106 |   2 | 1829.5 |
         Sewer |    933 |    933 |      0 |    375 |    392 |   1 |  933.0 |
        Bailey |    563 |    563 |      0 |      9 |    399 |   1 |  563.0 |
               +--------+--------+--------+--------+--------+-----+--------+

Top non-repeatable levels by time:
    D:11: 2485 daAuts
 Swamp:3: 2362 daAuts
   Elf:1: 2064 daAuts
 Swamp:4: 2022 daAuts
   Orc:2: 1962 daAuts
     D:7: 1948 daAuts
     D:8: 1933 daAuts
  Lair:3: 1818 daAuts
     D:9: 1808 daAuts
  Lair:5: 1774 daAuts
  Lair:6: 1646 daAuts
   Elf:2: 1595 daAuts
  Lair:4: 1521 daAuts
     D:6: 1478 daAuts
    D:13: 1345 daAuts
